[ AOE2 MATCH · #505730991 ]
UnrankedBritons vs Japanese
Player's team · LOSS
Rival team · WIN
[ REPLAY ANALYSIS · EXTRACTED FROM THE RECORDED GAME ]
Feudal
9:19
Castle
21:31
Imperial
—
| APM avg | 45.9 |
| APM peak | 83 |
| eAPM avg | 24.9 |
| Villagers / military | 80 / 24 |
Focus
⚔️ 36.5% · 🌾 63.5%
Archer ×10 · Skirmisher ×9 · Mangonel ×3 · Spearman ×1 · Battering Ram ×1
Feudal
8:58
Castle
22:18
Imperial
—
| APM avg | 46.6 |
| APM peak | 106 |
| eAPM avg | 17.8 |
| Villagers / military | 104 / 51 |
Focus
⚔️ 27.2% · 🌾 72.8%
Cavalry Archer ×31 · Militia ×6 · Mangonel ×5 · Samurai ×4 · Skirmisher ×3 · Scorpion ×1
Match map
Initial resources + every placement click. Lines = walls · curves = elevation contours. ◆ gold · ⬟ stone · ● berries · ✦ relic · ◌ wall gap
Your base· Open — opponent sealed themselves in
SaleMajstor's base· ✓ Closed at 22:18 · 20t walls · no gate
Smoothed initial terrain · ◌ = detected wall gap · hover for details
Inputs per minute
— JoeSham - - SaleMajstor
Build order — JoeSham
First 150 of 178 actions detected
| 0:00 | Create | Villager (Male) |
| 0:01 | Create | Villager (Male) |
| 0:01 | Create | Villager (Male) |
| 0:02 | Build | House |
| 0:03 | Build | House |
| 0:30 | Create | Villager (Male) |
| 1:19 | Create | Villager (Male) |
| 1:38 | Create | Villager (Male) |
| 2:04 | Create | Villager (Male) |
| 2:09 | Build | Lumber Camp |
| 2:40 | Create | Villager (Male) |
| 2:46 | Create | Villager (Male) |
| 3:05 | Create | Villager (Male) |
| 3:12 | Build | House |
| 3:39 | Create | Villager (Male) |
| 3:43 | Create | Villager (Male) |
| 4:51 | Build | Mill |
| 4:52 | Create | Villager (Male) |
| 5:09 | Create | Villager (Male) |
| 5:12 | Create | Villager (Male) |
| 5:14 | Create | Villager (Male) |
| 5:34 | Research | Loom |
| 5:50 | Build | Palisade Wall |
| 5:52 | Build | Palisade Wall |
| 5:56 | Build | Palisade Wall |
| 5:58 | Create | Villager (Male) |
| 7:09 | Research | Feudal Age |
| 7:46 | Build | Palisade Wall |
| 8:08 | Build | Barracks |
| 8:17 | Build | House |
| 8:24 | Build | House |
| 8:25 | Build | Palisade Wall |
| 8:47 | Create | Villager (Male) |
| 9:03 | Build | Palisade Wall |
| 9:19 | Age | Feudal Age |
| 9:22 | Create | Spearman |
| 9:26 | Build | Archery Range |
| 9:37 | Research | Double-Bit Axe |
| 9:47 | Build | House |
| 10:12 | Create | Archer |
| 10:15 | Build | Mining Camp |
| 10:15 | Create | Villager (Male) |
| 10:37 | Create | Villager (Male) |
| 10:47 | Create | Skirmisher |
| 11:03 | Create | Villager (Male) |
| 11:17 | Create | Villager (Male) |
| 11:24 | Create | Skirmisher |
| 11:31 | Create | Villager (Male) |
| 11:33 | Create | Villager (Male) |
| 11:41 | Build | Watch Tower |
| 11:44 | Create | Archer |
| 12:26 | Build | Farm |
| 12:37 | Create | Villager (Male) |
| 12:49 | Build | Farm |
| 12:53 | Build | Farm |
| 13:03 | Create | Villager (Male) |
| 13:16 | Build | House |
| 13:20 | Build | House |
| 13:45 | Build | Blacksmith |
| 14:07 | Build | Farm |
| 14:34 | Create | Villager (Male) |
| 14:34 | Create | Villager (Male) |
| 14:36 | Research | Fletching |
| 14:58 | Build | Watch Tower |
| 15:05 | Create | Archer |
| 15:08 | Create | Villager (Male) |
| 15:33 | Build | Archery Range |
| 15:55 | Build | Farm |
| 15:56 | Create | Villager (Male) |
| 15:56 | Create | Villager (Male) |
| 15:58 | Build | Farm |
| 16:28 | Create | Archer |
| 16:34 | Create | Villager (Male) |
| 16:36 | Build | Farm |
| 16:55 | Build | Farm |
| 17:02 | Create | Archer |
| 18:27 | Build | House |
| 18:51 | Research | Castle Age |
| 19:06 | Build | Farm |
| 19:11 | Build | Farm |
| 19:27 | Build | Palisade Wall |
| 19:34 | Create | Archer |
| 19:47 | Create | Villager (Male) |
| 19:54 | Research | Horse Collar |
| 19:56 | Build | Farm |
| 20:01 | Build | Farm |
| 20:10 | Create | Archer |
| 20:21 | Build | Farm |
| 20:38 | Research | Gold Mining |
| 20:39 | Create | Archer |
| 21:11 | Build | Archery Range |
| 21:21 | Build | Farm |
| 21:27 | Create | Archer |
| 21:31 | Age | Castle Age |
| 21:39 | Build | Town Center |
| 21:55 | Create | Villager (Male) |
| 22:17 | Create | Villager (Male) |
| 22:20 | Research | Bow Saw |
| 22:27 | Build | House |
| 22:31 | Build | House |
| 22:42 | Research | Bodkin Arrow |
| 22:56 | Build | Farm |
| 23:01 | Create | Villager (Male) |
| 23:37 | Create | Villager (Male) |
| 23:45 | Build | Siege Workshop |
| 23:48 | Create | Villager (Male) |
| 24:08 | Create | Villager (Male) |
| 24:50 | Create | Villager (Male) |
| 25:12 | Create | Archer |
| 25:35 | Create | Villager (Male) |
| 25:52 | Create | Villager (Male) |
| 26:02 | Build | House |
| 26:09 | Create | Villager (Male) |
| 26:44 | Create | Villager (Male) |
| 26:44 | Create | Villager (Male) |
| 26:52 | Create | Villager (Male) |
| 27:06 | Create | Villager (Male) |
| 27:08 | Create | Villager (Male) |
| 27:48 | Create | Villager (Male) |
| 27:48 | Create | Villager (Male) |
| 28:35 | Create | Mangonel |
| 28:53 | Create | Villager (Male) |
| 28:54 | Create | Villager (Male) |
| 28:55 | Create | Villager (Male) |
| 29:34 | Build | Town Center |
| 29:43 | Create | Villager (Male) |
| 30:02 | Create | Villager (Male) |
| 30:06 | Build | Lumber Camp |
| 30:20 | Create | Villager (Male) |
| 30:48 | Build | Siege Workshop |
| 30:50 | Create | Villager (Male) |
| 30:50 | Create | Villager (Male) |
| 31:12 | Create | Villager (Male) |
| 31:42 | Create | Villager (Male) |
| 31:43 | Create | Villager (Male) |
| 32:00 | Create | Villager (Male) |
| 32:06 | Build | Farm |
| 32:08 | Build | Farm |
| 32:18 | Create | Villager (Male) |
| 32:26 | Build | Market |
| 32:41 | Create | Mangonel |
| 33:37 | Create | Villager (Male) |
| 33:37 | Create | Villager (Male) |
| 33:40 | Build | Town Center |
| 33:56 | Create | Mangonel |
| 33:57 | Create | Villager (Male) |
| 33:58 | Create | Villager (Male) |
| 33:58 | Create | Villager (Male) |
| 34:14 | Create | Villager (Male) |
| 34:15 | Create | Villager (Male) |
Build order — SaleMajstor
First 150 of 260 actions detected
| 0:00 | Create | Villager (Male) |
| 0:01 | Create | Villager (Male) |
| 0:01 | Create | Villager (Male) |
| 0:01 | Create | Villager (Male) |
| 0:02 | Create | Villager (Male) |
| 0:03 | Build | House |
| 0:04 | Build | House |
| 1:44 | Create | Villager (Male) |
| 1:57 | Create | Villager (Male) |
| 1:57 | Create | Villager (Male) |
| 2:20 | Build | Lumber Camp |
| 2:24 | Create | Villager (Male) |
| 2:35 | Create | Villager (Male) |
| 2:54 | Create | Villager (Male) |
| 3:05 | Build | House |
| 3:25 | Create | Villager (Male) |
| 3:54 | Create | Villager (Male) |
| 4:04 | Create | Villager (Male) |
| 4:50 | Create | Villager (Male) |
| 5:03 | Create | Villager (Male) |
| 5:07 | Build | Barracks |
| 5:14 | Create | Villager (Male) |
| 5:16 | Research | Loom |
| 5:21 | Build | House |
| 6:17 | Build | Mining Camp |
| 6:42 | Build | House |
| 6:48 | Research | Feudal Age |
| 6:50 | Create | Militia |
| 6:50 | Create | Militia |
| 7:03 | Create | Militia |
| 7:17 | Create | Militia |
| 7:42 | Build | Mining Camp |
| 7:48 | Create | Militia |
| 8:20 | Create | Villager (Male) |
| 8:58 | Age | Feudal Age |
| 8:59 | Create | Villager (Male) |
| 9:02 | Research | Man-at-Arms (upgrade) |
| 9:26 | Create | Villager (Male) |
| 9:31 | Build | Mill |
| 9:35 | Build | House |
| 9:37 | Create | Militia |
| 10:33 | Build | Watch Tower |
| 10:34 | Create | Villager (Male) |
| 10:34 | Create | Villager (Male) |
| 10:37 | Build | House |
| 10:45 | Build | Archery Range |
| 11:03 | Create | Villager (Male) |
| 11:35 | Build | Farm |
| 11:36 | Build | Farm |
| 11:46 | Build | Watch Tower |
| 11:56 | Create | Villager (Male) |
| 12:18 | Create | Skirmisher |
| 12:39 | Build | Palisade Wall |
| 12:40 | Build | Palisade Wall |
| 12:45 | Create | Villager (Male) |
| 12:49 | Build | Farm |
| 13:12 | Create | Villager (Male) |
| 13:14 | Build | Farm |
| 13:25 | Build | House |
| 13:30 | Create | Villager (Male) |
| 13:35 | Build | Watch Tower |
| 13:54 | Create | Skirmisher |
| 13:55 | Create | Villager (Male) |
| 14:21 | Build | House |
| 14:43 | Build | House |
| 14:46 | Build | Palisade Wall |
| 14:50 | Create | Villager (Male) |
| 14:54 | Research | Horse Collar |
| 14:59 | Build | Farm |
| 15:03 | Create | Villager (Male) |
| 15:25 | Build | House |
| 15:28 | Build | House |
| 15:35 | Build | House |
| 15:38 | Build | Palisade Wall |
| 16:01 | Build | Palisade Wall |
| 16:09 | Create | Villager (Male) |
| 16:12 | Build | Farm |
| 16:14 | Build | Farm |
| 16:16 | Create | Villager (Male) |
| 16:40 | Create | Skirmisher |
| 16:51 | Build | Watch Tower |
| 16:54 | Create | Villager (Male) |
| 17:02 | Build | Blacksmith |
| 17:16 | Build | Watch Tower |
| 17:27 | Create | Villager (Male) |
| 18:23 | Create | Villager (Male) |
| 18:27 | Build | Market |
| 18:31 | Create | Villager (Male) |
| 18:43 | Build | Stone Wall |
| 18:47 | Build | Stone Wall |
| 18:50 | Build | Stone Wall |
| 18:52 | Build | Stone Wall |
| 19:02 | Create | Villager (Male) |
| 19:10 | Build | Mill |
| 19:18 | Build | Farm |
| 19:32 | Research | Castle Age |
| 19:42 | Build | Mill |
| 20:08 | Research | Fletching |
| 20:22 | Build | Archery Range |
| 20:26 | Build | Archery Range |
| 20:32 | Create | Villager (Male) |
| 20:54 | Research | Double-Bit Axe |
| 22:18 | Age | Castle Age |
| 22:23 | Build | Siege Workshop |
| 22:26 | Create | Cavalry Archer |
| 22:26 | Create | Cavalry Archer |
| 22:26 | Create | Cavalry Archer |
| 22:28 | Research | Bodkin Arrow |
| 22:29 | Create | Villager (Male) |
| 22:29 | Create | Villager (Male) |
| 22:30 | Create | Villager (Male) |
| 22:47 | Create | Mangonel |
| 22:58 | Create | Cavalry Archer |
| 23:26 | Create | Cavalry Archer |
| 23:31 | Create | Cavalry Archer |
| 23:56 | Create | Villager (Male) |
| 23:56 | Create | Villager (Male) |
| 23:56 | Create | Villager (Male) |
| 23:57 | Create | Villager (Male) |
| 23:57 | Create | Villager (Male) |
| 23:58 | Create | Villager (Male) |
| 24:21 | Create | Villager (Male) |
| 24:21 | Create | Villager (Male) |
| 24:32 | Build | Town Center |
| 24:52 | Create | Cavalry Archer |
| 24:52 | Create | Cavalry Archer |
| 24:52 | Create | Cavalry Archer |
| 25:01 | Build | Outpost |
| 25:17 | Build | Outpost |
| 25:17 | Create | Villager (Male) |
| 25:17 | Create | Villager (Male) |
| 25:18 | Create | Villager (Male) |
| 25:18 | Create | Villager (Male) |
| 25:18 | Create | Villager (Male) |
| 26:00 | Create | Villager (Male) |
| 26:01 | Create | Villager (Male) |
| 26:01 | Create | Villager (Male) |
| 26:01 | Create | Villager (Male) |
| 26:21 | Create | Cavalry Archer |
| 26:21 | Create | Cavalry Archer |
| 26:22 | Create | Cavalry Archer |
| 26:22 | Create | Cavalry Archer |
| 26:31 | Create | Villager (Male) |
| 26:31 | Create | Villager (Male) |
| 26:40 | Create | Cavalry Archer |
| 27:03 | Create | Villager (Male) |
| 27:03 | Create | Villager (Male) |
| 27:09 | Build | Siege Workshop |
| 27:24 | Build | House |
| 27:33 | Create | Mangonel |
Match timeline
| 5:07 | SaleMajstor · first_building Barracks |
| 5:50 | JoeSham · wall_segment Palisade Wall x1 |
| 5:52 | JoeSham · wall_segment Palisade Wall x1 |
| 5:56 | JoeSham · wall_segment Palisade Wall x1 |
| 7:46 | JoeSham · wall_segment Palisade Wall x1 |
| 8:08 | JoeSham · first_building Barracks |
| 8:25 | JoeSham · wall_segment Palisade Wall x1 |
| 8:58 | SaleMajstor · age_up feudal |
| 9:03 | JoeSham · wall_segment Palisade Wall x1 |
| 9:19 | JoeSham · age_up feudal |
| 9:26 | JoeSham · first_building Archery Range |
| 10:45 | SaleMajstor · first_building Archery Range |
| 12:39 | SaleMajstor · wall_segment Palisade Wall x2 |
| 12:40 | SaleMajstor · wall_segment Palisade Wall x10 |
| 14:46 | SaleMajstor · wall_segment Palisade Wall x2 |
| 15:38 | SaleMajstor · wall_segment Palisade Wall x1 |
| 16:01 | SaleMajstor · wall_segment Palisade Wall x1 |
| 18:43 | SaleMajstor · wall_segment Stone Wall x1 |
| 18:47 | SaleMajstor · wall_segment Stone Wall x1 |
| 18:50 | SaleMajstor · wall_segment Stone Wall x1 |
| 18:52 | SaleMajstor · wall_segment Stone Wall x1 |
| 19:23 | SaleMajstor · first_market_buy 100 food |
| 19:27 | JoeSham · wall_segment Palisade Wall x1 |
| 21:31 | JoeSham · age_up castle |
| 22:18 | SaleMajstor · age_up castle |
| 22:23 | SaleMajstor · first_building Siege Workshop |
| 22:42 | SaleMajstor · first_market_sell 100 food |
| 23:45 | JoeSham · first_building Siege Workshop |
| 30:20 | SaleMajstor · first_building Castle |
| 33:30 | JoeSham · first_market_sell 100 wood |
| 33:31 | JoeSham · first_market_buy 100 stone |
| 38:42 | JoeSham · resign |
[ AI ANALYSIS · 1 CREDIT ]
What really happened in this match?
Wolo.gg analyzes every decision: build order, eco, micro, common mistakes by bracket. Personalized analysis on WhatsApp or Discord in 30 seconds.
Civ guide
Britons
Perfil
Jugador #1892196